 Dungeon Sprint DCSS version 0.17-a0-1133-gfb1399f (webtiles) character file.

12 esc the Insei (level 2, 0/18 HPs)
             Began as an Octopode Transmuter on May 25, 2015.
             Slain by a centaur (5 damage)
             ... in the Dungeon (Sprint IX: "|||||||||||||||||||||||||||||").
             The game lasted 00:00:35 (275 turns).

esc the Insei (Octopode Transmuter)                  Turns: 275, Time: 00:00:35

Health: 0/18       AC:  1    Str:  9    XL:     2   Next: 33%
Magic:  3/5        EV: 12    Int: 15    God:
Gold:   0          SH:  0    Dex: 12    Spells: 2 memorised, 2 levels left

rFire  . . .     SeeInvis .       - Unarmed
rCold  . . .     Clarity  .     (no shield)
rNeg   . . .     SustAt   .     (helmet restricted)
rPois  .         Gourm    .     (no amulet)
rElec  .         Spirit   .     (no ring)
rCorr  .         Warding  .     (no ring)
rMut   .         NoTele   +     (no ring)
MR     .....                    (no ring)
Stlth  ++........               (no ring)
                                (no ring)
                                (no ring)
                                (no ring)

@: appendage, very slightly contaminated, not resistant to hostile enchantments,
unstealthy
A: almost no armour, amphibious, 8 rings, constrict 8, tentacle spike 3,
camouflage 1, gelatinous body 1
a: End Transformation


You were in the Dungeon.
You were not hungry.
One of your tentacles had a temporary spike.
You visited 1 branch

Inventory:

Missiles
 a - 12 arrows
Scrolls
 i - a scroll of blinking {!r}
Potions
 d - a potion of curing
 e - a potion of heal wounds
 f - a potion of haste
 g - 2 potions of magic
 h - a potion of berserk rage {!q}
Books
 b - a book of Changes
Comestibles
 c - a bread ration {@e1}


   Skills:
 - Level 1.0 Fighting
 - Level 2.0 Dodging
 + Level 4.4 Unarmed Combat
 - Level 2.0 Spellcasting
 + Level 3.7 Transmutations


You had 2 spell levels left.
You knew the following spells:

 Your Spells              Type           Power        Failure   Level  Hunger
a - Beastly Appendage     Trmt           ##....       6%          1    #......
s - Sticks to Snakes      Trmt           ##........   10%         2    ###....


Dungeon Overview and Level Annotations

Branches:
Dungeon (1/1)

Altars:


Innate Abilities, Weirdness & Mutations

You cannot wear most types of armour.
You are amphibious.
You can wear up to eight rings at the same time.
You can use your tentacles to constrict eight enemies at once.
Your skin changes colour to match your surroundings (Stealth).
Your rubbery body absorbs attacks (AC +1).
One of your tentacles bears a large vicious spike.


Message History

Welcome, esc the Octopode Transmuter.
Found a staircase leading out of the dungeon.
As you open the door, it creaks loudly!
A jackal, 2 oozes, a hobgoblin and a kobold come into view.
The ooze quivers.
The kobold shouts!
The ooze quivers.
The hobgoblin shouts!
You tentacle-slap the ooze. You squeeze the ooze, but do no damage.
You tentacle-slap the ooze. The ooze barely misses you.
You tentacle-slap the ooze. The ooze hits you.
You take 3 damage, and have 10/13 hp.
MASSIVE DAMAGE!!
You tentacle-slap the ooze.
You kill the ooze!
Your Transmutations skill increases to level 3!
The jackal bites you.
You take 2 damage, and have 8/13 hp.
You closely miss the jackal. Your grab misses the jackal.
The jackal misses you.
You closely miss the jackal. Your grab misses the jackal.
Your squeeze misses the jackal. The jackal closely misses you.
You tentacle-slap the jackal.
You kill the jackal!
You barely miss the kobold. You grab the kobold. You constrict the kobold.
The kobold hits you.
The ooze jiggles.
You take 2 damage, and have 6/13 hp.
You tentacle-slap the kobold but do no damage.
You constrict the kobold.
You kill the kobold!
Your Unarmed Combat skill increases to level 4!
You tentacle-slap the ooze. The ooze hits you.
You take 2 damage, and have 4/13 hp.
You tentacle-slap the ooze. You tentacle-slap the ooze.
The ooze barely misses you.
You bludgeon the ooze!
You kill the ooze!
You have reached level 2!
MP restored: 5 You tentacle-slap the hobgoblin.
You grab the hobgoblin. You constrict the hobgoblin.
The hobgoblin hits you but does no damage.
You barely miss the hobgoblin.
You constrict the hobgoblin, but do no damage.
The hobgoblin closely misses you.
You tentacle-slap the hobgoblin but do no damage.
You constrict the hobgoblin. The hobgoblin hits you with a club.
* * * LOW HITPOINT WARNING * * *
You take 2 damage, and have 3/18 hp.
You tentacle-slap the hobgoblin.
You kill the hobgoblin!
There is an open door to the Dungeon here.
Things that are here:
a club; a kobold corpse You start resting.
Health restored: 18
Okay, then.
Memorise Sticks to Snakes, consuming 2 spell levels and leaving 2?
You start memorising the spell.
You continue memorising.
You continue memorising.
You finish memorising.
Spell assigned to 's'.
Wield which item (- for none, * to show all)? (? for menu, Esc to quit)
Okay, then.
Okay, then.
You miscast Beastly Appendage.
You are very lightly contaminated with residual magic.
Nothing appears to happen.
You now have 4/5 mp.
One of your tentacles grows a vicious spike.
You now have 3/5 mp.
You open the door.
A jelly, a centaur, 2 zombies and a skeleton come into view.
The centaur shouts!
The jelly quivers.
The centaur hits you. x2
There is an open door, spattered with blood here.
You take 6 damage, and have 12/18 hp.
MASSIVE DAMAGE!!
You closely miss the centaur.
You pierce the centaur.
The centaur hits you!
* * * LOW HITPOINT WARNING * * *
You take 7 damage, and have 5/18 hp.
MASSIVE DAMAGE!!
You barely miss the centaur.
Your tentacle spike misses the centaur.
The centaur completely misses you. The centaur hits you.
You die...

▓+▓
▓Z▓
▓Z▓
▓J▓
▓Z▓
▓c▓
▓@▓
▓.▓
▓.▓
▓.▓
▓.▓
▓.▓
▓)▓
▓.▓
▓.▓


You could see a centaur, a jelly, a giant gecko zombie, a bat zombie and a bat
skeleton.

Vanquished Creatures
  2 oozes (D)
  A hobgoblin (D)
  A jackal (D)
  A kobold (D)
5 creatures vanquished.

Notes
Turn   | Place    | Note
--------------------------------------------------------------
     0 | D        | esc the Octopode Transmuter began the quest for the Orb.
     0 | D        | Reached XP level 1. HP: 13/13 MP: 3/3
     8 | D        | Reached skill level 3 in Transmutations
    13 | D        | Reached skill level 4 in Unarmed Combat
    17 | D        | Reached XP level 2. HP: 5/18 MP: 5/5
    20 | D        | HP: 3/18 [hobgoblin/club (2)]
   269 | D        | Learned a level 2 spell: Sticks to Snakes
   272 | D        | Noticed a jelly
   272 | D        | Noticed a centaur
   275 | D        | Slain by a centaur

Vault maps used:
D:        linesprint

Action                   || total
-------------------------++-------
Melee: Unarmed           ||    19
 Cast: Beastly Appendage ||     1

Vault maps used:
D:        linesprint

Table legend:
 A = Turns spent in this place as a percentage of turns spent in the entire game.
 B = Non-inter-level travel turns spent in this place as a percentage of non-inter-level travel turns spent in the entire game.
 C = Inter-level travel turns spent in this place as a percentage of turns spent in this place.
 D = Turns resting spent in this place as a percentage of non-inter-level travel turns spent in this place.
 E = Turns spent auto-exploring this place as a percentage of non-inter-level travel turns spent in this place.
 F = Non-inter-level travel turns spent in this place divided by the number of levels of this place that you've seen.
                   A       B       C       D       E      F
               +-------+-------+-------+-------+-------+----------------------
         Total | 100.0 | 100.0 |   0.0 |   5.0 |   0.0 |  40.0
       Dungeon | 100.0 | 100.0 |   0.0 |   5.0 |   0.0 |  40.0
               +-------+-------+-------+-------+-------+----------------------

Table legend:
 A = Kills in this place as a percentage of kills in entire the game.
 B = Kills by you in this place as a percentage of kills by you in the entire game.
 C = Kills by friends in this place as a percentage of kills by friends in the entire game.
 D = Other kills in this place as a percentage of other kills in the entire game.
 E = Experience gained in this place as a percentage of experience gained in the entire game.
 F = Experience gained in this place divided by the number of levels of this place that you have seen.
                   A       B       C       D       E      F
               +-------+-------+-------+-------+-------+----------------------
         Total | 100.0 | 100.0 |  -nan |  -nan | 100.0 |  18.0
       Dungeon | 100.0 | 100.0 |  -nan |  -nan | 100.0 |  18.0
               +-------+-------+-------+-------+-------+----------------------
